 Dungeon Crawl Stone Soup version 0.30.0-5-g1a98f26d00 (webtiles) character file.

Game seed: 7322705983938471786

100 booth the Chopper (level 4, -3/34 HPs)
             Began as a Demonspawn Gladiator on May 10, 2023.
             Slain by Jessica
             ... wielding a +0 club
              (7 damage)
             ... on level 2 of the Dungeon on May 12, 2023.
             The game lasted 00:07:20 (1255 turns).

booth the Chopper (Demonspawn Gladiator)            Turns: 1255, Time: 00:07:20

Health: -3/34      AC:  5    Str: 16    XL:     4   Next: 46%
Magic:  4/4        EV: 12    Int: 10    God:
Gold:   119        SH:  4    Dex: 14    Spells: 3/3 levels left

rFire   + . .        a - +0 war axe
rCold   . . .        (no shield)
rNeg    . . .        b - +0 leather armour
rPois   .            c - +0 helmet
rElec   .            (no cloak)
rCorr   .            f - +0 pair of gloves
SInv    .            (no boots)
Will    .....        (no amulet)
Stlth   +            g - ring of protection from fire
HPRegen 0.25/turn    (no ring)
MPRegen 0.09/turn

%: no passive effects
@: hasted and slowed
A: claws 2, condensation shield
a: no special abilities


You were on level 2 of the Dungeon.
You visited 1 branch of the dungeon, and saw 2 of its levels.

You collected 119 gold pieces.

Inventory:

Hand Weapons
 a - a +0 war axe (weapon)
 k - a +0 flail
Missiles
 d - 5 throwing nets (quivered)
 e - a javelin
 j - 2 boomerangs
Armour
 b - a +0 leather armour (worn)
 c - a +0 helmet (worn)
 f - a +0 pair of gloves (worn)
Jewellery
 g - a ring of protection from fire (left hand)
Potions
 h - 2 potions of lignification


   Skills:
 + Level 2.4 Fighting
 * Level 3.8 Axes
 + Level 1.9 Throwing
 + Level 1.5 Armour
 + Level 3.1 Dodging
 + Level 0.1 Shields


You had 3 spell levels left.
You didn't know any spells.
Your spell library contained the following spells:

 Spells                   Type           Power      Damage    Failure   Level
 Sublimation of Blood     Necr           0%         N/A       56%         2
 Petrify                  Tmut/Erth      0%         N/A       99%         4
 Irradiate                Conj/Tmut      0%         3d11      100%        5


Dungeon Overview and Level Annotations

Branches:
Dungeon (2/15)

Altars:

Annotations:
D:2 Jessica


Innate Abilities, Weirdness & Mutations

You have very sharp fingernails.
A meltable shield of frost defends you. (SH +4)


Message History

A hobgoblin comes into view.
The hobgoblin shouts!
The hobgoblin barely misses you.
You hit the hobgoblin.
You kill the hobgoblin!
Jessica the Apprentice Sorceress comes into view.
She is wielding a +0 club.
Found a pair of gloves.
Jessica shouts!
Jessica drinks a potion.
Jessica's spells are empowered!
Jessica closely misses you.
Jessica casts a spell.
Jessica seems to speed up.
You closely miss Jessica.
Jessica points at you and mumbles some strange words.
Pain shoots through your body! Jessica gestures at you while chanting.
Pain shoots through your body!
You hit Jessica.
Jessica is heavily wounded.
Jessica gestures wildly while chanting.
Jessica blinks!
Jessica points at you and mumbles some strange words.
Pain shoots through your body!
Jessica mumbles some strange words.
Jessica blinks!
Jessica points at you and mumbles some strange words.
You feel yourself slow down. Jessica casts a spell at you.
Pain shoots through your body! Jessica casts a spell at you.
Pain shoots through your body!
* * * LOW HITPOINT WARNING * * *
Jessica casts a spell at you. You resist with significant effort.
It was a potion of haste.
You feel yourself speed up.
Jessica points at you and mumbles some strange words.
Pain shoots through your body!
* * * LOW HITPOINT WARNING * * *
Jessica hits you with a +0 club!
You die...

#.## ..##.
#####..##
..##.
#.......#
...##
#.##.....#
.....
#.##.#....(..
...##
#.##.....##.#
# #.##.##..#
# #.##@##..#
#..@.....#
####
####.###.#
..... ....
#.... ##.#.#
..##. #.....
# ### #.[ ###
.# ##.##


You could see Jessica (fast, empowered).

Vanquished Creatures
  2 gnolls (D:2)
  3 adders (D:2)
  A worm (D:2)
  2 ball pythons
  4 endoplasms
  6 giant cockroaches
  4 goblins
  5 hobgoblins
  7 kobolds
  6 quokkas (D:1)
  A bat (D:2)
  2 frilled lizards (D:1)
  2 rats (D:1)
45 creatures vanquished.

Notes
Turn   | Place    | Note
-------+----------+-------------------------------------------
     0 | D:1      | booth the Demonspawn Gladiator began the quest for the Orb.
     0 | D:1      | Reached XP level 1. HP: 16/16 MP: 1/1
   227 | D:1      | Gained mutation: A meltable shield of frost defends you.
                  | (SH +4) [demonic ancestry]
   227 | D:1      | Reached XP level 2. HP: 22/22 MP: 2/2
   438 | D:1      | Gained mutation: You have sharp fingernails. [demonic
                  | ancestry]
   438 | D:1      | Reached XP level 3. HP: 26/27 MP: 3/3
   826 | D:2      | Reached skill level 1 in Armour
  1155 | D:2      | Gained mutation: You have very sharp fingernails. [demonic
                  | ancestry]
  1155 | D:2      | Reached XP level 4. HP: 33/34 MP: 4/4
  1243 | D:2      | Noticed Jessica
  1255 | D:2      | Slain by Jessica

Illustrated notes

Levels and vault maps discovered:
D:1:      minmay_arrival_split_and_join, layout_loops_ring
D:2:      layout_loops_cross, minmay_close_crescents, uniq_jessica, uniq_sigmund

Skill      XL: |  1  2  3 |
---------------+----------+-----
Axes           | 3 |  3.8
Dodging        | 3 |  3.1
Armour         | 1 |  1.5
Fighting       | |  2.4
Throwing       | |  1.9
Shields        | |  0.1

Action                     |  1- 3 |  4- 6 || total
---------------------------+-------+-------++-------
  Melee: War axe           |   116 |    13 ||   129
    Use: Scroll            |     1 |       ||     1
         Potion            |       |     1 ||     1
   Stab: Sleeping          |     1 |       ||     1
 Armour: Leather armour    |    44 |       ||    44
  Dodge: Dodged            |    63 |     8 ||    71
  Block: Other             |    18 |     1 ||    19
